 Dungeon Crawl Stone Soup version 0.27-a0-978-g2aa4ecdaef (webtiles) character file.

Game seed: 9306117552130294341

21 siradein the Magician (level 2, -1/21 HPs)
             Began as a Djinni Air Elementalist on Apr 14, 2021.
             Slain by a goblin
             ... wielding a +0 club
             ... led by Robin
              (3 damage)
             ... on level 1 of the Dungeon.
             The game lasted 00:02:19 (1241 turns).

siradein the Magician (Djinni Air Elementalist)     Turns: 1241, Time: 00:02:19

Health: -1/21      AC:  2    Str:  7    XL:     2   Next: 87%
Gold:   56         EV: 12    Int: 16    God:
                   SH:  0    Dex: 13

rFire    + + .     SeeInvis .   (no weapon)
rCold    x . .     Faith    .   (no shield)
rNeg     . . .     Spirit   .   a - +0 robe
rPois    ∞         Reflect  .   (no helmet)
rElec    .         Harm     .   (no cloak)
rCorr    .         Rampage  .   (no gloves)
Will     .....                  (boots unavailable)
Stlth    ++........             (no amulet)
HPRegen  0.07/turn              (no ring)
MPRegen  0.00/turn              (no ring)

@: flying
A: fire resistance 2, cold vulnerability 1, float, innate caster, hp casting,
extra vitality 1
a: no special abilities


You were on level 1 of the Dungeon.
You visited 1 branch of the dungeon, and saw 2 of its levels.

You collected 56 gold pieces.

Inventory:

Armour
 a - a +0 robe (worn)
Scrolls
 b - a scroll of brand weapon {unknown}
Potions
 c - a potion of lignification {unknown}


   Skills:
 - Level 2.1 Dodging
 - Level 1.5 Stealth
 + Level 3.5 Spellcasting


You couldn't memorise any spells.
You knew the following spells:

 Your Spells              Type           Power      Damage    Failure   Level
a - Shock                 Conj/Air       56%        1d6       4%          1
b - Static Discharge      Conj/Air       14%        N/A       6%          2
c - Swiftness             Air            14%        N/A       13%         3
d - Airstrike             Air            7%         N/A       38%         4
e - Lightning Bolt        Conj/Air       7%         1d19      75%         5
Your spell library was empty.

Dungeon Overview and Level Annotations

Branches:
Dungeon (2/15)

Altars:

Annotations:
D:2 Robin


Innate Abilities, Weirdness & Mutations

You are immune to poison.
Your flesh is very heat resistant. (rF++)
You are vulnerable to cold. (rC-)
You float through the air rather than walking.
You learn spells naturally, not from books.
Your magical power is your life essence.
You have superior vitality. (+4 HP)


Message History

Aiming: Shock (safe; 4% risk of failure)
Press: ? - help, Q - select action, (/) - cycle Shift-Dir - straight line The zap hits the jackal.
You kill the jackal!
Unknown command.
HP restored.
Done exploring.
You fly downwards.
Level annotation: Robin A hobgoblin comes into view.
The goblin barely misses you.
The hobgoblin drinks a potion.
The hobgoblin suddenly seems more resistant.
The goblin completely misses you. The hobgoblin hits you.
The hobgoblin misses you. The hobgoblin hits you. The goblin misses you.
There is a stone staircase leading up here.
The goblin hits you with a +0 club. The hobgoblin closely misses you.
The hobgoblin misses you. The goblin hits you with a +0 club.
* * * LOW HITPOINT WARNING * * *
The hobgoblin hits you.
* * * LOW HITPOINT WARNING * * *
You fly upwards.
There is a stone staircase leading down here.
Casting: Shock (safe; 4% risk of failure)
Confirm with . or Enter, or press ? or * to list all spells.
The hobgoblin is struck by an arc of lightning!
You kill the hobgoblin!
The goblin is struck by an arc of lightning!
You kill the goblin!
The lightning grounds out.
The hobgoblin is struck by an arc of lightning!
You kill the hobgoblin!
The lightning grounds out.
The hobgoblin is struck by an arc of lightning.
You kill the hobgoblin!
You are struck by an arc of lightning.
* * * LOW HITPOINT WARNING * * *
The lightning grounds out.
* * * LOW HITPOINT WARNING * * *
The goblin hits you with a +0 club.
You die...

....##.#......#............#####.
....##.######.#.#####......# #.
....##.# #..............# #.
....##.#########...........# #.
...............#...........# #.
........######.#...........#####.
........# #.....#####...........
........####.#.#.#####.#########.
................@....#.# #.
#+##...#.###.#.)g###.#.##### ##
.......#.###.........#.....#
.......'............######.#
.......#..####.####.#....#.#
.......##.## #.####'####.#.#
....#####..# #.#.......#.#.#
....# ##.# #.#...(...'.#.# ....#
##'###.#.......###.#


You could see a goblin.

Vanquished Creatures
  3 bats (D:1)
  An endoplasm (D:1)
  2 goblins (D:1)
  4 hobgoblins (D:1)
  6 jackals
  2 quokkas (D:1)
  A ball python (D:1)
  A frilled lizard (D:1)
  A kobold (D:1)
  A rat (D:1)
22 creatures vanquished.

Notes
Turn   | Place    | Note
-------+----------+-------------------------------------------
     0 | D:1      | siradein the Djinni Air Elementalist began the quest for
                  | the Orb.
     0 | D:1      | Reached XP level 1. HP: 15/15 MP: 0/0
   414 | D:1      | Reached skill level 3 in Spellcasting
   478 | D:1      | Reached XP level 2. HP: 20/21 MP: 0/0
  1202 | D:2      | Noticed Robin
  1202 | D:2      | Noticed a black bear
  1241 | D:1      | Slain by a goblin

Illustrated notes

Levels and vault maps discovered:
D:1:      dpeg_cavernosity, layout_basic, minmay_pentomino_o4
D:2:      minmay_chambers_of_ones, layout_basic,
          chequers_ecumenical_altar_simple, uniq_robin, uniq_terence

Skill      XL: |  1 |
---------------+----+-----
Spellcasting   | 3 |  3.5
Dodging        | |  2.1
Stealth        | |  1.5

Action                   || total
-------------------------++-------
 Cast: Shock             ||    30
       Static Discharge  ||     1
Armor: Robe              ||     1
Dodge: Dodged            ||    12

Table legend: (Time is in decaauts)
 A = Elapsed time spent in this place.
 B = Non-inter-level travel time spent in this place.
 C = Inter-level travel time spent in this place.
 D = Time resting spent in this place.
 E = Time spent auto-exploring this place.
 F = Levels seen in this place.
 G = Mean time per level.
                   A        B        C        D        E       F      G
               +--------+--------+--------+--------+--------+-----+--------+
         Total |   1242 |   1218 |     24 |      0 |   1153 |   2 |  621.0 |
       Dungeon |   1242 |   1218 |     24 |      0 |   1153 |   2 |  621.0 |
               +--------+--------+--------+--------+--------+-----+--------+

Top non-repeatable levels by time:
     D:1: 1236 daAuts
     D:2: 6 daAuts
